 Dungeon Crawl Stone Soup version 0.24-a0-781-g048a31f (webtiles) character file.

Game seed: 12967669469567326318, levelgen mode: deterministic

151 BeowulfAlex the Changer (level 5, -2/33 HPs)
             Began as an Octopode Transmuter on Oct 8, 2019.
             Slain by a gnoll
             ... wielding a +0 spear
              (11 damage)
             ... on level 3 of the Dungeon.
             The game lasted 00:07:57 (3511 turns).

BeowulfAlex the Changer (Octopode Transmuter)       Turns: 3511, Time: 00:07:57

Health: -2/33      AC:  2    Str: 10    XL:     5   Next: 33%
Magic:  3/9        EV: 19    Int: 16    God:
Gold:   149        SH:  0    Dex: 17    Spells: 4/10 levels left

rFire    . . .     SeeInvis .     - Unarmed
rCold    . . .     Gourm    .   (shield currently unavailable)
rNeg     . . .     Faith    .   (helmet currently unavailable)
rPois    x         Spirit   .   (no amulet)
rElec    .         Reflect  .   k - ring of flight
rCorr    .         Harm     .   (no ring)
MR       .....                  (no ring)
Stlth    ++........             (no ring)
HPRegen  0.11/turn              (no ring)
MPRegen  0.11/turn              (no ring)
                                (no ring)
                                (no ring)

@: spider-form
A: tiny, almost no armour, stealthy swim, (amphibious), 8 rings, (constrict 8)
a: End Transformation, Evoke Flight


You were on level 3 of the Dungeon.
You were hungry.
You were a venomous arachnid creature.
You visited 1 branch of the dungeon, and saw 3 of its levels.

You collected 149 gold pieces.

Inventory:

Missiles
 a - 48 arrows
 j - 24 stones (quivered)
Jewellery
 k - a ring of flight (left front leg)
Wands
 r - a wand of polymorph (6)
Scrolls
 e - 2 scrolls of teleportation {unknown}
 f - a scroll of remove curse {unknown}
 g - 5 scrolls of identify {unknown}
 i - 2 scrolls of blinking {unknown}
 m - 2 scrolls of random uselessness {unknown}
 n - a scroll of magic mapping {unknown}
 o - 2 scrolls of amnesia {unknown}
 p - a scroll of noise {unknown}
Potions
 b - a potion of flight {unknown}
 d - 5 potions of curing {unknown}
 h - a potion of agility {unknown}
 l - a potion of haste {unknown}
 s - 2 potions of degeneration {unknown}
 t - a potion of lignification {unknown}
Comestibles
 c - 5 rations
 q - 2 chunks of flesh


   Skills:
 - Level 1.0 Fighting
 - Level 2.0 Dodging
 - Level 3.0 Unarmed Combat
 + Level 3.2 Spellcasting
 * Level 4.5 Transmutations


You had 4 spell levels left.
You knew the following spells:

 Your Spells              Type           Power        Failure   Level  Hunger
a - Beastly Appendage     Tmut           ###...       10%         1    None
b - Sticks to Snakes      Tmut           ###.....     13%         2    ##.....
c - Spider Form           Tmut/Pois      #.........   43%         3    ###....

Your spell library contained the following spells:

 Spells                   Type           Power        Failure   Level  Hunger
 Ice Form                 Ice/Tmut       #.......     78%         4    ####...
 Blade Hands              Tmut           ###.......   80%         5    ######.


Dungeon Overview and Level Annotations

Branches:
Dungeon (3/15)

Altars:
Wu Jian

Annotations:
D:3 2 transporters, Smoke131's ghost, amateur DrFE


Innate Abilities, Weirdness & Mutations

You cannot wear most types of armour.
You are very stealthy in the water. (Stealth+)
((You are amphibious.))
You can wear up to eight rings at the same time.
((You can use your tentacles to constrict eight enemies at once.))
((Your skin changes colour to match your surroundings (Stealth+).))
((Your rubbery body absorbs attacks. (AC +1, EV +1)))


Message History

Press: ? - help, v - describe, . - travel
Here: a gnoll, wielding a +0 flail (lightly wounded)
The floor.
You hit the gnoll.
The gnoll looks as sick as possible!
The gnoll is almost dead.
You barely miss the gnoll.
The gnoll is moderately wounded.
You kill the gnoll!
The gnoll hits you with a +2 flail of protection.
You hit the gnoll but do no damage.
The gnoll is poisoned.
The gnoll is moderately wounded.
You hit the gnoll but do no damage.
The gnoll looks as sick as possible!
The gnoll is moderately wounded.
The gnoll barely misses you. x2
You hit the gnoll.
You kill the gnoll!
The gnoll hits you from afar with a +0 spear!
* * * LOW HITPOINT WARNING * * *
The gnoll hits you with a +0 spear!
You die...

......# ......### .........
........# ### ......#.# #..
..)...#.# #.# ......#.# #.#
........# ####.####
.....#..#######)sgg...#
####.........##.##....#
.)...#....#####.#.....#
.###.#.........[.._.......#
. #.#..#######.....#.##..#
# #.#.......##....##.# ..
..#.########.......#
######.# ####.### ....##.#
#.#


You could see 2 gnolls.

Vanquished Creatures
  Ijyb (D:3)
  2 gnolls (D:3)
  2 adders
  An ooze (D:3)
  2 dart slugs (D:1)
  3 leopard geckos
  An orc (D:3)
  A ball python (D:2)
  8 bats
  6 giant cockroaches
  9 goblins
  9 hobgoblins
  12 jackals
  5 frilled lizards
  4 kobolds
  7 rats
73 creatures vanquished.

Vanquished Creatures (others)
  2 plants (D:3)
2 creatures vanquished.

Grand Total: 75 creatures vanquished

Notes
Turn   | Place    | Note
-------+----------+-------------------------------------------
     0 | D:1      | BeowulfAlex the Octopode Transmuter began the quest for the
                  | Orb.
     0 | D:1      | Reached XP level 1. HP: 13/13 MP: 3/3
   107 | D:1      | Reached XP level 2. HP: 1/18 MP: 3/5
   381 | D:1      | Learned a level 2 spell: Sticks to Snakes
   535 | D:1      | Reached skill level 3 in Transmutations
   536 | D:1      | Reached XP level 3. HP: 15/23 MP: 4/6
  1300 | D:2      | Reached XP level 4. HP: 7/28 MP: 5/8
  2250 | D:3      | Learned a level 3 spell: Spider Form
  2480 | D:3      | Reached skill level 4 in Transmutations
  3047 | D:3      | Found a transporter.
  3052 | D:3      | Noticed Smoke131's ghost (amateur DrFE)
  3096 | D:3      | Found a transporter.
  3111 | D:3      | Noticed Ijyb
  3145 | D:3      | Killed Ijyb
  3145 | D:3      | Reached XP level 5. HP: 27/33 MP: 5/9
  3483 | D:3      | Found an ornate altar of the Wu Jian Council.
  3511 | D:3      | Slain by a gnoll

Levels and vault maps discovered:
D:1:      minmay_arrival_floating_metal, layout_basic, minmay_3d_cube
D:2:      layout_basic
D:3:      layout_basic, nicolae_overflow_crystal_walls,
          gammafunk_ghost_gnarly_gnolls, uniq_ijyb

Skill      XL: |  1  2  3  4 |
---------------+-------------+-----
Transmutations | 3 4 |  4.5
Spellcasting   | 3 |  3.2
Fighting       | |  1.0
Dodging        | |  2.0
Unarmed Combat | |  3.0

Action                   |  1- 3 |  4- 6 || total
-------------------------+-------+-------++-------
Melee: Unarmed           |    78 |    86 ||   164
       Kick              |    16 |     7 ||    23
       Constrict         |    16 |    14 ||    30
       Tentacles         |    10 |    10 ||    20
       Punch             |       |     2 ||     2
 Cast: Beastly Appendage |    15 |    12 ||    27
       Spider Form       |       |     3 ||     3
       Sticks to Snakes  |       |     1 ||     1
 Stab: Sleeping          |     3 |     9 ||    12
  Eat: Chunk             |     1 |     7 ||     8
Armor: Skin              |     7 |     6 ||    13
Dodge: Dodged            |    46 |    34 ||    80

Table legend:
 A = Non-vault XP
 B = Vault XP
 C = Vault XP percentage of total XP
 D = Non-vault monster count
 E = Vault monster count
 F = Vault count percentage of total count
                 A         B        C        D         E       F
            +---------+---------+-------+---------+---------+-------
      Total |     173 |      43 |  19.9 |      68 |       5 |   6.8
            +---------+---------+-------+---------+---------+-------
        D:1 |      51 |       7 |  12.1 |      27 |       4 |  12.9
        D:2 |      54 |       0 |   0.0 |      25 |       0 |   0.0
        D:3 |      68 |      36 |  34.6 |      16 |       1 |   5.9
            +---------+---------+-------+---------+---------+-------
